 Dungeon Crawl Stone Soup version 0.31.0-11-ge490571c62 (webtiles) character file.

Game seed: 593660297989244938

26068 snarfax the Severer (level 12, -3/169 HPs)
             Began as a Minotaur Fighter on Jan 31, 2024.
             Was a Believer of Jiyva.
             Incinerated by a deep elf pyromancer (11 damage)
             ... with a pyre arrow
             ... on level 9 of the Dungeon.
             The game lasted 00:31:29 (11222 turns).

snarfax the Severer (Minotaur Fighter)             Turns: 11222, Time: 00:31:30

Health: -3/169     AC: 22    Str: 26    XL:     12   Next: 95%
Magic:  11/11      EV: 15    Int:  5    God:    Jiyva [**....]
Gold:   886        SH:  5    Dex: 10    Spells: 11/11 levels left

rFire   . . .        w - +0 broad axe
rCold   . . .        c - +0 buckler
rNeg    + . .        C - +1 plate armour
rPois   .            (helmet restricted)
rElec   .            v - +2 cloak
rCorr   +            (no gloves)
SInv    .            q - +1 pair of boots
Will    .....        B - amulet of faith Stlth
                     m - +5 ring of evasion
HPRegen 1.44/turn    J - ring of positive energy
MPRegen 0.60/turn

%: faith
@: berserking, on fire, glowing, very quick
A: horns 2, retaliatory headbutt
a: Renounce Religion


You were on level 9 of the Dungeon.
You worshipped Jiyva.
Jiyva was pleased with you.
You visited 3 branches of the dungeon, and saw 16 of its levels.
You also visited: Bailey.

You collected 948 gold pieces.
You spent 30 gold pieces at shops.
You donated 32 gold pieces to Zin.

Inventory:

Hand Weapons
 a - a +0 war axe
 w - a +0 broad axe (weapon)
Missiles
 g - 4 poisoned darts
 l - 9 curare-tipped darts (quivered)
 s - a throwing net
 x - 19 boomerangs
Armour
 b - a +0 scale mail
 c - a +0 buckler (worn)
 q - a +1 pair of boots (worn)
 v - a +2 cloak (worn)
 z - a +0 chain mail
 C - a +1 plate armour (worn)
Jewellery
 m - a +5 ring of evasion (left hand)
 B - an amulet of faith (around neck)
 J - a ring of positive energy (right hand)
Wands
 r - a wand of iceblast (18)
 u - a wand of flame (40)
Scrolls
 h - 3 scrolls of teleportation
 i - a scroll of amnesia
 o - 6 scrolls of identify
 p - 2 scrolls of blinking
 t - a scroll of immolation
 y - a scroll of noise
 D - 3 scrolls of fear
 E - 2 scrolls of enchant armour
 G - a scroll of vulnerability
 I - a scroll of revelation
 K - a scroll of torment
Potions
 d - a potion of might
 e - a potion of mutation
 f - 6 potions of enlightenment
 j - 2 potions of attraction
 k - 7 potions of curing
 A - 2 potions of berserk rage
 F - a potion of degeneration
 H - a potion of cancellation


   Skills:
 + Level 12.6 Fighting
 + Level 17.4 Axes
 + Level 12.5 Armour
 + Level 8.6 Dodging
 - Level 5.0 Shields


You had 11 spell levels left.
You didn't know any spells.
Your spell library contained the following spells:

 Spells                   Type           Power      Damage    Failure   Level
 Necrotise                Necr           0%         1d4       99%         1
 Call Imp                 Summ           0%         N/A       100%        2
 Ensorcelled Hibernation  Hex/Ice        0%         N/A       100%        2
 Sublimation of Blood     Necr           0%         N/A       100%        2
 Call Canine Familiar     Summ           0%         N/A       100%        3
 Fugue of the Fallen      Necr           0%         N/A       100%        3
 Gell's Gravitas          Tloc           0%         N/A       100%        3
 Sigil of Binding         Hex            0%         N/A       100%        3
 Teleport Other           Tloc           0%         N/A       100%        3
 Vampiric Draining        Necr           0%         2d6       100%        3
 Anguish                  Hex/Necr       0%         N/A       100%        4
 Dimensional Bullseye     Hex/Tloc       0%         N/A       100%        4
 Martyr's Knell           Necr/Summ      0%         N/A       100%        4
 Curse of Agony           Necr           0%         N/A       100%        5
 Summon Forest            Summ/Tloc      0%         N/A       100%        5
 Summon Mana Viper        Hex/Summ       0%         N/A       100%        5
 Dispersal                Tloc           0%         N/A       100%        6
 Summon Cactus Giant      Summ           0%         N/A       100%        6
 Summon Hydra             Summ           0%         N/A       100%        7


Dungeon Overview and Level Annotations

Branches:
Dungeon (10/15)            Temple (1/1) D:4            Lair (5/5) D:8
  Slime (0/5) Lair:4       Bailey (visited)
  Swamp: Lair:2-3    Shoals: Lair:2-3     Snake: Lair:2-3    Spider: Lair:2-3
    Orc: D:9-12

Altars:
Ashenzari
Cheibriados
Dithmenos
Elyvilon
Fedhas
Gozag
Hepliaklqana
Kikubaaqudgha
Makhleb
Nemelex Xobeh
Okawaru
Qazlal
Ru
Sif Muna
Trog
Uskayaw
Vehumet
Wu Jian
Xom
Yredelemnul
Zin
The Shining One
Jiyva

Shops:
D:1 *   D:6 !([![

Portals:
Abyss: Lair:2

Annotations:
D:8 2 transporters
Lair:2 1 transporter, Iphivaf's ghost, journeyman OpSh
Lair:5 1 runed translucent door


Innate Abilities, Weirdness & Mutations

You have a pair of horns on your head.
You reflexively headbutt those who attack you in melee.


Message History

The killer bee is moderately wounded.
The liquid fire burns you!
* * * LOW HITPOINT WARNING * * *
The killer bee stings you but does no damage.
You slash the killer bee!
You kill the killer bee!
The liquid fire burns you!
* * * LOW HITPOINT WARNING * * *
The centaur wields a +0 shortbow.
The centaur shoots an arrow.
The arrow closely misses you.
The boggart mumbles some strange words.
You shake off some of the fire as you move.
The liquid fire burns you!
* * * LOW HITPOINT WARNING * * *
The kobold brigand shouts!
You hear a shout!
You hear an angry hiss.
The centaur unwields a +0 shortbow.
The centaur closely misses you. You furiously retaliate!
You headbutt the centaur, but do no damage.
The centaur kicks you but does no damage.
You hear a distant slurping noise.
The centaur closely misses you. The centaur barely misses you.
Items here: )) [[.
A red film seems to cover your vision as you go berserk!
You feel yourself moving faster!
You feel mighty! The liquid fire burns you!
* * * LOW HITPOINT WARNING * * *
The boggart casts a spell.
The boggart blinks!
The centaur hits you.
* * * LOW HITPOINT WARNING * * *
The centaur completely misses you.
You slice the centaur!!
You kill the centaur!
The liquid fire burns you!
* * * LOW HITPOINT WARNING * * *
The centaur wields a +0 shortbow.
The centaur shoots an arrow.
You block the arrow.
The centaur wields a +0 orcbow.
The centaur shoots an arrow.
The arrow hits you but does no damage.
You shake off some of the fire as you move.
The liquid fire burns you!
You die...

#.....#..#...........
#.....#..#...........
#..)#.#..'...........
#....[####...........
#................####
#..##.T....####......
#..##z...............
#$.##c.9...g.........
#.†)@coK.............
#####################


You could see a troll (summoned), an orc warrior, a gargoyle, a kobold brigand,
2 centaurs, a boggart and a wight.

Vanquished Creatures
  A two-headed ogre (D:6)
  A boulder beetle (Lair:4)
  2 death yaks (Lair:1)
  A skyshark (Lair:2)
  A fire crab (Lair:5)
  A deep elf pyromancer (D:9)
  An oklob plant (Lair:4)
  A manticore (D:9)
  3 elephants (Lair:4)
  4 black mambas
  8 cane toads
  2 torpor snails (Lair:1)
  12 komodo dragons
  A rime drake (Lair:2)
  3 trolls (D:9)
  A hornet (D:7)
  7 blink frogs
  4 dream sheep (Lair:5)
  3 wyverns
  20 yaks
  2 basilisks
  Menkaure (D:6)
  5 hell hounds (Lair:5)
  15 water moccasins
  2 sky beasts
  2 ice beasts
  12 orc warriors
  An ogre (D:4)
  A phantom (D:6)
  2 wolves (Lair:2)
  3 centaurs
  10 bullfrogs
  A scorpion (D:7)
  13 wights
  2 killer bees (D:9)
  A lava snake (Lair:5)
  3 bombardier beetles
  A jelly (D:4)
  9 orc priests
  A hound (D:6)
  A sleepcap (D:5)
  Jessica (D:3)
  Natasha (thrice) (D:3)
  6 orc wizards
  Robin (D:3)
  3 gnolls (Bailey)
  10 adders
  5 shadow imps
  2 white imps
  5 dart slugs
  A ribbon worm (D:2)
  40 orcs
  10 ball pythons
  5 endoplasms
  2 giant cockroaches
  19 goblins
  9 hobgoblins
  2 jackals (D:5)
  11 kobolds
  3 quokkas
  5 bats
  3 frilled lizards
  5 rats
316 creatures vanquished.

Vanquished Creatures (others)
  12 jellies
  An orc wizard (D:6)
  A quokka (D:6)
14 creatures vanquished.

Grand Total: 330 creatures vanquished

Notes
Turn   | Place    | Note
-------+----------+-------------------------------------------
     0 | D:1      | snarfax the Minotaur Fighter began the quest for the Orb.
     0 | D:1      | Reached XP level 1. HP: 19/19 MP: 0/0
   138 | D:1      | Reached XP level 2. HP: 25/26 MP: 1/1
   167 | D:1      | Reached skill level 3 in Axes
   215 | D:1      | Found Umpi's General Store.
   440 | D:1      | Found a faded altar of an unknown god.
   637 | D:1      | Bought a scroll of teleportation for 30 gold pieces
   828 | D:2      | Reached XP level 3. HP: 31/31 MP: 2/2
   978 | D:2      | Reached skill level 4 in Axes
  1392 | D:3      | Reached XP level 4. HP: 39/39 MP: 3/3
  1392 | D:3      | Noticed Robin
  1397 | D:3      | Reached skill level 5 in Shields
  1403 | D:3      | Killed Robin
  1412 | D:3      | Noticed Jessica
  1532 | D:3      | Killed Jessica
  1533 | D:3      | Reached skill level 5 in Axes
  1777 | D:3      | Reached XP level 5. HP: 45/45 MP: 4/4
  1944 | D:3      | Noticed Natasha
  1949 | D:3      | Killed Natasha
  1950 | D:3      | Reached skill level 6 in Axes
  1985 | D:3      | Noticed Natasha
  1989 | D:3      | Killed Natasha
  1996 | D:3      | Noticed Natasha
  2002 | D:3      | Killed Natasha
  2054 | D:4      | Found a staircase to the Ecumenical Temple.
  2066 | Temple   | Entered the Ecumenical Temple
  2076 | Temple   | Became a worshipper of Zin the Law-Giver
  2206 | D:4      | Found a broken altar of Ashenzari.
  2206 | D:4      | Noticed an ogre
  2212 | D:4      | Killed an ogre
  2213 | D:4      | Reached skill level 7 in Axes
  2213 | D:4      | Reached XP level 6. HP: 51/51 MP: 5/5
  2354 | D:4      | Reached * piety under Zin
  2674 | D:5      | Entered Level 5 of the Dungeon
  2717 | D:5      | Reached skill level 8 in Axes
  2837 | D:5      | Found a shimmering blue altar of Sif Muna.
  2873 | D:5      | Found a hide-covered altar of Uskayaw.
  2895 | D:5      | Reached ** piety under Zin
  2908 | D:5      | Identified the +1 robe "Regymnof" {Harm Rampage Str+6
                  | Dex-5}
  3138 | D:5      | Noticed a water moccasin
  3146 | D:5      | Killed a water moccasin
  3147 | D:5      | Reached XP level 7. HP: 48/57 MP: 6/6
  3245 | D:5      | Reached skill level 9 in Axes
  3537 | D:6      | Found Ipochuse's Antique Armour Shoppe.
  3554 | D:6      | Noticed a two-headed ogre
  3560 | D:6      | Killed a two-headed ogre
  3561 | D:6      | Reached skill level 11 in Axes
  3561 | D:6      | Reached XP level 8. HP: 52/64 MP: 7/7
  3602 | D:6      | Found Tuferiog's Distillery.
  3809 | D:6      | Reached skill level 12 in Axes
  3924 | D:6      | Found a bloodstained altar of Trog.
  3930 | D:6      | Noticed Menkaure
  3933 | D:6      | Killed Menkaure
  3934 | D:6      | Reached skill level 13 in Axes
  3934 | D:6      | Found Jiurph's Antique Armour Boutique.
  3985 | D:6      | Found Ruutul's Antique Weapon Boutique.
  4426 | D:6      | Found a white marble altar of Elyvilon.
  4436 | D:6      | Fell from the grace of Zin
  4436 | D:6      | Became a worshipper of Elyvilon the Healer
  4436 | D:6      | Reached * piety under Elyvilon
  4491 | D:6      | Found Uthre's Distillery.
  4529 | D:7      | Noticed a hornet
  4550 | D:7      | Killed a hornet
  4551 | D:7      | Reached XP level 9. HP: 19/71 MP: 3/8
  4629 | D:7      | Found a flagged portal.
  4653 | Bailey   | Entered a bailey
  4784 | Bailey   | Reached skill level 5 in Fighting
  4784 | Bailey   | Reached skill level 5 in Armour
  4933 | Bailey   | Reached skill level 14 in Axes
  5470 | D:7      | Found a glowing golden altar of the Shining One.
  5555 | D:7      | You fall into a shaft and drop 3 floors!
  5555 | D:10     | Entered Level 10 of the Dungeon
  5582 | D:9      | Found an opulent altar of Gozag.
  5594 | D:9      | Reached ** piety under Elyvilon
  5716 | D:8      | Reached XP level 10. HP: 71/86 MP: 9/9
  6189 | D:8      | Reached *** piety under Elyvilon
  6285 | D:8      | Found an ornate altar of the Wu Jian Council.
  6317 | D:8      | Found a radiant altar of Vehumet.
  6317 | D:8      | Noticed a skeletal warrior
  6320 | D:8      | Found a transporter.
  6330 | D:8      | Found a transporter.
  6375 | D:8      | Found a hazy altar of Hepliaklqana.
  6411 | D:8      | Found a shadowy altar of Dithmenos.
  6505 | D:8      | Found a staircase to the Lair.
  6526 | Lair:1   | Entered Level 1 of the Lair of Beasts
  6610 | Lair:1   | Noticed a cane toad
  6623 | Lair:1   | Killed a cane toad
  6806 | Lair:1   | Noticed a black mamba
  6812 | Lair:1   | Killed a black mamba
  6813 | Lair:1   | Reached skill level 15 in Axes
  6883 | Lair:1   | Noticed a death yak
  6883 | Lair:1   | Noticed a death yak
  6917 | Lair:1   | Killed a death yak
  6918 | Lair:1   | Reached skill level 1 in Dodging
  6930 | Lair:1   | Killed a death yak
  7052 | Lair:1   | Noticed a torpor snail
  7061 | Lair:1   | Killed a torpor snail
  7099 | Lair:1   | Noticed a cane toad
  7111 | Lair:1   | Killed a cane toad
  7112 | Lair:1   | Reached XP level 11. HP: 41/97 MP: 10/10
  7939 | Lair:1   | Reached **** piety under Elyvilon
  8068 | Lair:1   | Reached skill level 10 in Fighting
  8081 | Lair:1   | Reached skill level 10 in Armour
  8308 | Lair:1   | Reached skill level 16 in Axes
  8308 | Lair:1   | Reached skill level 5 in Dodging
  8636 | Lair:2   | Noticed a seven-headed hydra
  8718 | Lair:2   | Noticed a skyshark
  8727 | Lair:2   | Killed a skyshark
  8779 | Lair:2   | Found a transporter.
  8780 | Lair:2   | Noticed a wretched star
  8788 | Lair:2   | Noticed a red ugly thing
  8790 | Lair:2   | Noticed a brown ugly thing
  8791 | Lair:2   | Found a one-way gate to the infinite horrors of the Abyss.
  8802 | Lair:2   | Noticed Iphivaf's ghost (journeyman OpSh)
  8978 | Lair:4   | Found a viscous altar of Jiyva.
  8984 | Lair:4   | Found a staircase to the Slime Pits.
  8985 | Lair:4   | Fell from the grace of Elyvilon
  8985 | Lair:4   | Became a worshipper of Jiyva Jemefipu the Shapeless
  9020 | Lair:4   | Noticed a boulder beetle
  9039 | Lair:4   | Killed a boulder beetle
  9040 | Lair:4   | Reached XP level 12. HP: 94/110 MP: 11/11
  9067 | Lair:4   | Paralysed by the wrath of Zin for 5 turns
  9530 | Lair:4   | Reached * piety under Jiyva
  9610 | Lair:4   | Found a snail-covered altar of Cheibriados.
 10178 | Lair:4   | Noticed a seven-headed hydra
 10192 | Lair:5   | Entered Level 5 of the Lair of Beasts
 10370 | Lair:5   | Reached skill level 17 in Axes
 10424 | Lair:5   | Noticed a four-headed hydra
 10537 | Lair:5   | Found a large runed translucent door.
 10781 | Lair:2   | Reached ** piety under Jiyva
 10995 | D:9      | Noticed a centaur warrior
 11221 | D:9      | HP: 7/169 [burnt (4)]
 11222 | D:9      | Incinerated by a deep elf pyromancer

Illustrated notes

Levels and vault maps discovered:
D:1:      amcnicky_arrival_abandoned_market, layout_basic, serial_shops, shop,
          hellmonk_ecumenical_altar_run_dry
D:2:      layout_basic, serial_glass, glass_columns_b, glass_columns_a,
          minmay_joined_circles
D:3:      layout_basic, uniq_natasha, uniq_jessica, uniq_robin
D:4:      layout_cave_pools, mainiacjoe_overflow_cross_hatched,
          minmay_temple_entry_offerings, minmay_fractal_squares_gapless_5
D:5:      layout_basic, lemuel_tele_altar, hellmonk_sif_muna_bookshelves
D:6:      layout_basic, elyvilon_altar_4, old_standard_altar, serial_shops,
          nicolae_stop_n_shop_2, shop, nicolae_take_the_stairs, shop, shop,
          minmay_fractal_squares_diagonal_5, uniq_menkaure
D:7:      layout_basic, tso_altar, enter_bailey_5, minmay_misc_feat_plants
D:8:      layout_basic, riverfiend_overflow_shadow_ancestor,
          gammafunk_temple_overflow_arena, marbit_many_paths,
          david_lair_shrubbed
D:9:      minmay_the_grid_square_5x5_4x4 [minmay_the_grid_square_5x5_mess,
          minmay_the_grid_square_5x5_spiral, minmay_the_grid_square_5x5_comb,
          minmay_the_grid_square_5x5_three_small,
          minmay_the_grid_square_5x5_moneybag,
          minmay_the_grid_square_5x5_prize_deathbox,
          minmay_the_grid_square_5x5_prize_junk,
          minmay_the_grid_square_5x5_half_checkered,
          minmay_the_grid_square_5x5_lines,
          minmay_the_grid_square_5x5_prize_pseudospiral,
          minmay_the_grid_square_5x5_prize_gold, minmay_the_grid_square_5x5_n,
          minmay_the_grid_square_5x5_detours, minmay_the_grid_square_5x5_meh,
          minmay_the_grid_square_5x5_three, minmay_the_grid_square_5x5_seven],
          layout_stronghold, nicolae_gozag_cash_rules_everything_around_me
D:10:     layout_roguey, nrook_loot_triangle, evilmike_butchery, uniq_josephine
Temple:   nicolae_temple_ecumenical_triangle
Lair:1:   layout_regular_city, hibernation_bobbens
Lair:2:   layout_long_grid, gammafunk_ghost_abyssal_escape,
          chequers_serial_rivers_micro_c
Lair:3:   layout_regular_city, minmay_swamp_entry_eels,
          guppyfry_snake_entry_island, hellmonk_talismancer
Lair:4:   layout_cave_pods, nicolae_slime_entry_field_trip, basic_altar,
          lemuel_fruit_fields, lemuel_fruit_tree
Lair:5:   cheibrodos_lair_end_hotspot, layout_gridlike

Skill      XL: |  1  2  3  4  5  6  7  8  9 10 11 12 |
---------------+-------------------------------------+-----
Shields        | 4 5 |  5.0
Axes           | 3 4 5 7 8 11 13 14 15 16 17 | 17.4
Fighting       | 4 7 9 11 12 | 12.6
Armour         | 4 7 9 10 12 | 12.5
Dodging        | 3 6 8 |  8.6

Action                     |  1- 3 |  4- 6 |  7- 9 | 10-12 || total
---------------------------+-------+-------+-------+-------++-------
  Melee: War axe           |    79 |   111 |   121 |       ||   311
         Headbutt          |    13 |    23 |    38 |   140 ||   214
         Broad axe         |       |       |    99 |   554 ||   653
  Throw: Dart              |       |     3 |       |     3 ||     6
 Invoke: Purification      |       |       |     2 |       ||     2
         Heal Self         |       |       |       |     1 ||     1
  Evoke: Wand              |       |       |     1 |       ||     1
    Use: Scroll            |     3 |       |    14 |     9 ||    26
         Potion            |       |       |     3 |     5 ||     8
 Armour: Scale mail        |    47 |    60 |    24 |       ||   131
         Plate armour      |       |       |    90 |   390 ||   480
  Dodge: Dodged            |    42 |    75 |    99 |   285 ||   501
  Block: Buckler           |    10 |    22 |    54 |    85 ||   171
